[Event "*** Titled Tuesday Blitz"]
[Site "Chess.com"]
[Date "2021.03.02"]
[Round "6"]
[White "Treacherous_horse64"]
[Black "NoGuru"]
[Result "0-1"]
[WhiteElo "2570"]
[BlackElo "2307"]
[TimeControl "180+1"]
[EndTime "11:09:03 PST"]
[Termination "NoGuru won by checkmate"]

1. d4 d5 2. c4 e6 3. Nc3 Be7 4.
cxd5 exd5 5. Bf4 c6 6. e3 Bf5 7. g4 Be6 8. h3 Nd7 9. Qc2 h5 10. gxh5 Rxh5 11. Bg2 Bf5 12. Qe2 g6 13. Bf3 Rh8 14. e4 dxe4 15. Nxe4 Bxe4 16. Bxe4 Ngf6 17. Bg2 Kf8 18. Nf3 Qa5+ 19. Bd2 Bb4 20. O-O Re8 21. Qd3 Bxd2 22. Nxd2 Kg7 23. Nc4 Qa6 24. b3 Rh5 25. Qg3 Nb6 26. Ne5 Nbd5 27. Bf3 Rhh8 28. Kg2 Qa5 29. Rh1 Qc3 30. Rad1 Qc2 31. Bxd5 Nxd5 32. Qf3 Qf5 33. Qxf5 gxf5 34. Kf3 Kf6 35. Rde1 Rd8 36. h4 Ne7 37. Rd1 Ng6 38. Nc4 Nxh4+ 39. Kg3 Ng6 40. Rxh8 Nxh8 41. Kf3 Ng6 42. Ke3 Ne7 43. Ne5 Nd5+ 44.
Kd3 Rh8 45. Nd7+ Ke7 46. Nc5 b6 47. Re1+ Kd6 48. Na4 Nb4+ 49. Kd2 Nxa2 50. Nb2 Nb4 51. Nc4+ Kd7 52. Ne5+ Kc7 53. Nxf7 Rh3 54. Re7+ Kb8 55. Nd6 Rxb3 56. Rb7+ Ka8 57. Rf7 Kb8 58. Rb7+ Ka8 59.
Re7 Kb8 60. Nxf5 a5 61. Nd6 a4 62. Rb7+ Ka8 63. Rh7 a3 64. Rh1 Rb2+ 65. Kc3 Nd5+ 66. Kd3 a2 67. Ra1 Nb4+ 68. Kc3 Rb1 69. Rxa2+ Nxa2+ 70.
Kd3 Ka7 71. Ke3 Ka6 72. Nc8 b5 73. Nd6 b4 74. Ne4 b3 75. Nc5+ Kb5 76. Kd3 b2 77. Ne4 Rd1+ 78. Kc2 b1=Q# 0-1

[Event "*** Titled Tuesday Blitz"]
[Site "Chess.com"]
[Date "2021.03.02"]
[Round "6"]
[White "rychessmaster1"]
[Black "djano"]
[Result "0-1"]
[WhiteElo "2597"]
[BlackElo "2485"]
[TimeControl "180+1"]
[EndTime "11:09:14 PST"]
[Termination "djano won by checkmate"]

1. d4 Nf6 2. Nc3 d5 3. Bf4 c6 4. e3 Bf5 5. f3 h6 6. g4 Bh7 7.
h4 g5 8. Be5 Nbd7 9. hxg5 hxg5 10. Bd3 Bg7 11. Bxh7 Nxe5 12. dxe5 Nxh7 13. Qd3 Nf8 14.
Rxh8 Bxh8 15. f4 gxf4 16. exf4 Qb6 17. O-O-O O-O-O 18. Nge2 Ne6 19. Qf5 Qe3+ 20. Kb1 Rf8 21. a3 Kb8 22. Rd3 Qf2 23. g5 d4 24. g6 dxc3 25.
gxf7 Qxe2 26. Qxe6 Qf1+ 27. Ka2 Qxf4 28. Qxe7 Qxf7+ 29. Qxf7 Rxf7 30. Rd8+ Kc7 31. Rxh8 cxb2 32. Kxb2 Re7 33.
Rh5 Kd7 34. Kc3 Ke6 35. Kd4 Rd7+ 36. Ke4 Rg7 37. Rh6+ Ke7 38. Kf5 Rf7+ 39. Ke4 Rg7 40.
c3 a5 41. e6 Rg3 42. Ke5 Rg5+ 43. Kf4 Rc5 44. Rh7+ Kxe6 45. Rxb7 Rc4+ 46. Kg5 Rxc3 47. a4 Rc4 48. Rb2 Rxa4 49. Rd2 Re4 50. Kh5 a4 51. Kg5 a3 52. Ra2 Re3 53. Kf4 Rb3 54. Ke4 c5 55. Rc2 Kd6 56. Rh2 Kc6 57. Rh8 Kb5 58.
Ra8 Kc4 59. Ra4+ Kc3 60. Kd5 Kb2 61. Kxc5 a2 62. Kc4 Rb8 63. Ra7 a1=Q 64. Rxa1 Kxa1 65. Kc3 Ka2 66. Kc4 Rb3 67. Kc5 Kb2 68. Kc4 Kc2 69. Kd4 Rc3 70. Ke4 Rd3 71. Ke5 Kc3 72. Ke4 Kc4 73. Ke5 Rd4 74. Kf5 Kd5 75. Kf6 Re4 76.
Kf5 Re8 77. Kf4 Rf8+ 78. Ke3 Rf5 79. Kd3 Rf3+ 80. Ke2 Ke4 81. Kd2 Rh3 82. Kc2 Kd4 83. Kb2 Kc4 84. Kc2 Rh2+ 85. Kd1 Kc3 86. Ke1 Rb2 87.
Kd1 Ra2 88. Ke1 Kd3 89. Kf1 Ke3 90. Kg1 Kf3 91. Kh1 Kg3 92. Kg1 Ra1# 0-1

[Event "*** Titled Tuesday Blitz"]
[Site "Chess.com"]
[Date "2021.03.02"]
[Round "6"]
[White "Fortitudine"]
[Black "tgpgoat"]
[Result "1/2-1/2"]
[WhiteElo "2312"]
[BlackElo "2100"]
[TimeControl "180+1"]
[EndTime "11:09:37 PST"]
[Termination "Game drawn - insufficient material"]

1. c4 e5 2. g3 Nc6 3. Bg2 Nf6 4. Nc3 Bb4 5. Nd5 Nxd5 6. cxd5 Nd4 7. a3 Be7 8. e3 Nf5 9. Ne2 O-O 10. O-O d6 11.
b3 Nh6 12. Bb2 f5 13. Rc1 Bd7 14. f4 e4 15. Nd4 Rc8 16. Qc2 Bf6 17. a4 c5 18.
dxc6 Bxc6 19. Bc3 Qd7 20. Qb2 Bd5 21. Rfd1 Qf7 22. Bb4 Rxc1 23. Rxc1 Rd8 24. Bf1 g6 25. Bc4 Bxc4 26. Rxc4 Qg7 27. Bc3 Nf7 28. Ne2 Bxc3 29. Qxc3 Qxc3 30. Nxc3 Rd7 31. Nd5 Kg7 32. a5 Nd8 33. b4 Nc6 34. a6 Ne7 35. Nxe7 Rxe7 36. b5 bxa6 37. bxa6 Kf6 38. Rc8 Ke6 39. Rb8 d5 40. Kf2 Kd6 41. Ke2 Kc6 42. d3 Rd7 43. Kd2 Rc7 44. Kc3 Kc5 45. Rb7 Kc6 46. Rb8 Kc5 47. Rb7 Kd6+ 48. Kd4 exd3 49. Kxd3 Kc6 50.
Rb8 Kc5 51. Rd8 Kb6 52. Kd4 Kxa6 53. Rxd5 Kb6 54. Ke5 a5 55. Rd3 Ra7 56. Kf6 a4 57. Ra3 Kb5 58. g4 fxg4 59. e4 Kb4 60. Ra1 a3 61. e5 Kb3 62. e6 Kb2 63. Rg1 a2 64.
Rg2+ Kb1 65. Rg1+ Kb2 66. e7 Rxe7 67. Kxe7 a1=Q 68. Rxa1 Kxa1 69. Kf6 h5 70. Kxg6 h4 71. f5 g3 72. f6 g2 73. f7 g1=Q+ 74. Kh7 Qf2 75.
Kg8 Qg2+ 76. Kh8 Qf3 77. Kg8 Qg4+ 78. Kh8 Qf5 79. Kg8 Qg6+ 80. Kf8 Kb2 81. h3 Qf5 82. Kg8 Qe6 83. Kh8 Qf6+ 84. Kg8 Qe6 85. Kh8 Qxh3 86.
f8=Q Qc3+ 87. Kh7 h3 88. Qb8+ Kc2 89. Qh2+ Kb3 90. Kh6 Kc4 91. Kh5 Qf3+ 92. Kh4 Qd3 93. Qxh3 Qxh3+ 94. Kxh3 1/2-1/2

[Event "*** Titled Tuesday Blitz"]
[Site "Chess.com"]
[Date "2021.03.02"]
[Round "6"]
[White "MrChampion_Coach"]
[Black "FLamps8"]
[Result "0-1"]
[WhiteElo "2486"]
[BlackElo "2664"]
[TimeControl "180+1"]
[EndTime "11:09:43 PST"]
[Termination "FLamps8 won by resignation"]

1. d4 d6 2. Nf3 Nf6 3. g3 Bf5 4.
Bg2 c6 5. O-O Nbd7 6. Nc3 e5 7.
Re1 Be7 8. h3 e4 9. Nd2 d5 10.
f3 Qc7 11. fxe4 dxe4 12. Ndxe4 Nxe4 13. Nxe4 Bxe4 14. Bf4 Bd6 15. Bxe4 Bxf4 16. gxf4 Qxf4 17. Qd3 Nf6 18. Bg2 O-O-O 19. e3 Qg3 20. Rf1 Rhe8 21.
c3 Qxe3+ 22. Qxe3 Rxe3 23. Kf2 Rde8 24. Bf3 Nd5 25. Rg1 g6 26. Rg4 h5 27. Rh4 Rd3 28. Rd1 Rxd1 29. Bxd1 Ne3 30. Bb3 Nf5 31. Rf4 Re7 32. Bc2 Nd6 33. Rf6 Kc7 34. b3 Nb5 35. Rf3 f5 36. a4 Nd6 37. Rg3 Re6 38. c4 Nf7 39. Rg1 Kd6 40. Bd3 Rf6 41. b4 Re6 42. b5 Ke7 43. c5 Kd7 44. Rb1 Kc7 45. bxc6 bxc6 46. Ba6 Nd8 47. Rg1 Rf6 48. Bc4 Ne6 49. Re1 Nxd4 50. Re7+ Kb8 51. Ba6 Nb3 52. Re8+ Kc7 53. Rc8+ Kd7 54. Ra8 Nxc5 55. Rxa7+ Kd6 56. Bc4 Rf8 57. Rg7 Rb8 58. Rxg6+ Ke5 59. Rxc6 Ne4+ 60. Ke1 Rb4 61. Bd3 Kd4 62. Bxe4 fxe4 63. Rd6+ Ke3 64.
Rd5 Rxa4 65. Kf1 Ra1+ 66. Kg2 h4 67. Rh5 Ke2 68. Rxh4 e3 69. Re4 Ra8 70. h4 Rg8+ 71. Kh2 Kf3 72. Re7 e2 73. Rf7+ Ke3 74. Kh3 e1=Q 75. Re7+ Kf2 76. Rxe1 Kxe1 77. h5 Kf2 78. Kh4 Kf3 79. h6 Kf4 80. Kh5 Kf5 81. h7 Rh8 82.
Kh6 Kf6 83. Kh5 Rxh7+ 84. Kg4 Rg7+ 85. Kf4 Rg5 86. Ke3 Rf5 87. Ke4 Kg5 88. Kd4 Kf4 89.
Kd3 Rd5+ 90. Kc2 Ke4 91. Kb3 Kd4 92. Kb2 Kc4 93. Kb1 Kc3 94. Kc1 Rd3 95. Kb1 Rd2 0-1

[Event "*** Titled Tuesday Blitz"]
[Site "Chess.com"]
[Date "2021.03.02"]
[Round "6"]
[White "vinniethepooh"]
[Black "Aradhya2000"]
[Result "1-0"]
[WhiteElo "2706"]
[BlackElo "2520"]
[TimeControl "180+1"]
[EndTime "11:10:18 PST"]
[Termination "vinniethepooh won by checkmate"]

1. d4 d5 2. c4 c6 3. Nf3 Nf6 4. g3 Bf5 5. Bg2 e6 6. O-O Nbd7 7. Nbd2 Be7 8. Nh4 Bg4 9. h3 Bh5 10. g4 Bg6 11. b3 Qc7 12. Nxg6 hxg6 13. e3 g5 14. Bb2 O-O-O 15. Rc1 Kb8 16. Qf3 Bb4 17.
Nb1 Rh4 18. c5 Ba5 19. Qg3 Qxg3 20. fxg3 Rh7 21. Nc3 Re8 22. a3 Bc7 23. Ne2 e5 24. Rc2 exd4 25. exd4 Re3 26. Kf2 Rd3 27. Bc1 Rxb3 28.
Rc3 Rxc3 29. Nxc3 Ba5 30. Ne2 Ne4+ 31. Bxe4 dxe4 32. Bxg5 f6 33. Bf4+ Kc8 34. h4 Nf8 35.
Ke3 Ne6 36. Kxe4 Rh8 37. Kf5 Re8 38. Bd6 Kd7 39. Kg6 Rh8 40. Nf4 Rh6+ 41. Kf7 Nxf4 42. Rxf4 g5 43. hxg5 fxg5 44. Rf5 Bd2 45. Be5 Rh2 46.
Kg6 Rg2 47. Bf6 Ke6 48. Bxg5 Bxg5 49. Kxg5 Rxg3 50. Re5+ Kf7 51. Rf5+ Kg7 52. Kf4 Rxa3 53. Re5 Kf7 54. Rf5+ Kg7 55. Re5 Kf7 56. g5 Ra1 57.
Kf5 Rf1+ 58. Kg4 Rg1+ 59. Kf3 Rf1+ 60. Ke2 Rf4 61. Ke3 Rg4 62. d5 cxd5 63. Rxd5 Ke6 64.
Rd6+ Ke5 65. g6 b6 66. cxb6 Kxd6 67. bxa7 Rg3+ 68. Kf4 Rxg6 69. a8=Q Re6 70. Qa4 Ke7 71. Qd4 Rf6+ 72. Ke5 Re6+ 73. Kf5 Rd6 74. Qg7+ Kd8 75. Ke5 Rd7 76. Qf8+ Kc7 77. Ke6 Rd8 78. Qc5+ Kb7 79. Ke7 Rc8 80. Qb5+ Kc7 81. Qc4+ Kb7 82. Qb5+ Kc7 83. Ke6 Rd8 84. Qa5+ Kc8 85. Qa8+ Kc7 86. Qa7+ Kc8 87. Ke7 Rd1 88. Qa8+ Kc7 89. Qa5+ Kc8 90. Qc5+ Kb7 91. Qb5+ Ka8 92. Qa4+ Kb8 93. Qxd1 Kc8 94. Qc2+ Kb7 95. Kd7 Kb6 96. Qc3 Kb5 97. Kd6 Ka4 98. Qc5 Kb3 99. Kd5 Kb2 100. Kd4 Kb3 101. Qb5+ Kc2 102. Qd3+ Kb2 103. Qc3+ Kb1 104. Kd3 Ka2 105. Qb4 Ka1 106. Kc2 Ka2 107. Qa4# 1-0

[Event "*** Titled Tuesday Blitz"]
[Site "Chess.com"]
[Date "2021.03.02"]
[Round "6"]
[White "frederiksvane"]
[Black "chigorin28"]
[Result "1/2-1/2"]
[WhiteElo "2680"]
[BlackElo "2507"]
[TimeControl "180+1"]
[EndTime "11:10:25 PST"]
[Termination "Game drawn by 50-move rule"]

1. e4 c5 2. Nf3 d6 3. Bb5+ Bd7 4. c4 Nc6 5. Nc3 g6 6. d4 cxd4 7. Nxd4 Bg7 8. Be3 Nf6 9. h3 O-O 10. O-O a6 11. Bxc6 bxc6 12. c5 Qc7 13. Rc1 Rab8 14. Nb3 d5 15. exd5 Nxd5 16. Nxd5 cxd5 17. Qxd5 Bb5 18.
Rfd1 Rfd8 19. Qf3 Bxb2 20. Bf4 Rxd1+ 21. Rxd1 Be5 22. Bxe5 Qxe5 23. Rc1 Rc8 24. c6 Qd6 25. Na5 h5 26. Qc3 Rc7 27. h4 e5 28. Qc5 Qxc5 29. Rxc5 f6 30. g3 Kf7 31. f4 e4 32.
f5 e3 33. Kg2 g5 34. hxg5 fxg5 35. Kf3 e2 36. Rc1 Kf6 37. a4 e1=Q 38. Rxe1 Bxc6+ 39. Nxc6 Rxc6 40. g4 hxg4+ 41. Kxg4 Rc4+ 42. Kf3 Kxf5 43. Ra1 Rc3+ 44. Kg2 a5 45. Rd1 Ke5 46. Rb1 Kf4 47. Rb5 g4 48. Rxa5 Rc2+ 49. Kf1 Kg3 50. Rb5 Ra2 51. a5 Ra1+ 52. Ke2 Kg2 53. Rg5 g3 54. Kd3 Ra4 55. Kc3 Kf2 56. Kb3 Rf4 57. a6 g2 58. a7 Rf8 59. Kb4 Ra8 60. Rf5+ Ke2 61. Rg5 Kf1 62. Rf5+ Kg1 63. Rf7 Kh2 64. Rh7+ Kg3 65.
Rg7+ Kf3 66. Kb5 Rxa7 67. Rxa7 g1=Q 68. Rd7 Qb1+ 69. Kc6 Ke4 70. Rd6 Ke5 71. Rd5+ Ke6 72. Rd6+ Kf5 73. Rd5+ Ke4 74. Rd6 Qc2+ 75. Kd7 Qc5 76.
Rc6 Qf5+ 77. Kc7 Kd5 78. Rd6+ Kc5 79. Rc6+ Kb5 80. Rb6+ Ka5 81. Rc6 Qd5 82. Rd6 Qc5+ 83. Kd7 Qe5 84. Re6 Qg7+ 85. Kd6 Kb5 86. Re5+ Kb6 87.
Ke6 Qc7 88. Rd5 Qc8+ 89. Ke5 Qc1 90. Rd6+ Kc7 91. Rd5 Qe3+ 92. Kf5 Kc6 93. Re5 Qf3+ 94. Ke6 Qf4 95. Rf5 Qd6+ 96. Kf7 Kd7 97. Rf6 Qe5 98. Kg6 Ke7 99. Rf5 Qe6+ 100. Kg5 Qe3+ 101. Rf4 Ke6 102. Kg4 Ke5 103. Rf3 Qe4+ 104. Kg3 Qe1+ 105. Kg4 Qg1+ 106. Rg3 Qf2 107. Rf3 Qe2 108. Kg3 Ke4 109. Rf4+ Ke3 110. Rf6 Qe1+ 111. Kg4 Qg1+ 112. Kf5 Kd4 113. Rd6+ Kc5 114. Re6 Qf2+ 115. Ke5 Qg3+ 116. Kf5 Kd5 117. Rf6 Qf3+ 1/2-1/2

[Event "*** Titled Tuesday Blitz"]
[Site "Chess.com"]
[Date "2021.03.02"]
[Round "6"]
[White "WPWPWP-2015"]
[Black "BabyBoss31"]
[Result "0-1"]
[WhiteElo "2464"]
[BlackElo "2347"]
[TimeControl "180+1"]
[EndTime "11:10:27 PST"]
[Termination "BabyBoss31 won on time"]

1. e4 c6 2. d4 d5 3. e5 c5 4.
c3 Nc6 5. Bb5 cxd4 6. cxd4 Bf5 7.
Nc3 e6 8. Be3 Bb4 9. Ne2 Ne7 10.
a3 Ba5 11. O-O O-O 12. h3 a6 13. Ba4 b5 14. Bb3 Rc8 15. g4 Bg6 16. f4 Bxc3 17. bxc3 Na5 18. Ba2 Nc4 19. Bf2 Nc6 20. Ng3 f5 21.
gxf5 Bxf5 22. Nxf5 Rxf5 23. Qg4 Nd2 24. Bh4 Qf8 25. Rf2 Ne4 26. Rf3 Ne7 27. Bb1 Ng6 28. Bg3 Kh8 29. Bd3 Nxg3 30. Rxg3 Rxf4 31. Qxe6 Re8 32.
Qxd5 Nh4 33. Be4 g6 34. e6 Qf6 35. Re1 Qxe6 36. Qxe6 Rxe6 37. Rge3 Rexe4 38. Rxe4 Nf3+ 39. Kh1 Rf5 40. Re8+ Kg7 41. R8e7+ Kh6 42. R1e2 Nh4 43. Kh2 Rf1 44. R7e4 Nf5 45. Kg2 Rc1 46. d5 Rxc3 47. Rd2 Rc7 48. d6 Rd7 49. Re6 Kg7 50. Kf3 Kf7 51. Re4 Nxd6 52. Red4 Ke6 53. Re2+ Kf7 54. Red2 Ke6 55. Kf4 Rf7+ 56. Kg4 Nc4 57. Re2+ Kf6 58. Rf4+ Kg7 59. Re6 Ra7 60. Rff6 Nxa3 61. Rxa6 Rxa6 62. Rxa6 Nc2 63. Rb6 b4 64. Kf4 Kh6 65. Ke4 Kh5 66. Rb7 h6 67. Rh7 g5 68. Kd3 b3 69. Kc3 Ne3 70.
Kxb3 Nd1 71. Kc2 Nf2 72. Kd2 Nxh3 73. Ke3 Nf4 74. Kf3 Kg6 75. Rh8 Kh5 76. Ra8 Ng6 77. Ra6 Ne5+ 78. Ke4 Ng4 79. Kf5 Ne3+ 80. Ke4 Ng4 81. Rb6 Nf2+ 82. Kf3 Ng4 83. Kg3 Ne5 84. Rd6 Ng6 85. Re6 Nf4 86. Rf6 Nd5 87. Rf5 Nf4 88. Re5 Nd3 89. Rd5 Nf4 90. Rf5 Ne2+ 91. Kf2 Nf4 92. Rf6 Ng6 93. Kf3 Nf4 94. Ra6 Nd5 95. Ke4 Nf4 96. Kf5 Nd3 97. Ra3 Nf4 98. Ra1 Kh4 99. Rh1+ Nh3 100. Rh2 g4 101. Rg2 g3 102.
Ke4 h5 103. Kf3 Ng5+ 104. Kf4 Nh3+ 105. Kf5 Nf2 106. Kf4 Nd3+ 107. Kf3 Ne5+ 108. Ke4 Ng4 109. Rg1 Kh3 110. Kf3 Nh2+ 111. Kf4 h4 112. Ra1 g2 113. Ra3+ Nf3 114.
Rxf3+ Kh2 115. Rf2 h3 116. Kf3 Kh1 0-1

[Event "*** Titled Tuesday Blitz"]
[Site "Chess.com"]
[Date "2021.03.02"]
[Round "6"]
[White "tigra"]
[Black "BogdanDeac"]
[Result "1-0"]
[WhiteElo "2870"]
[BlackElo "2975"]
[TimeControl "180+1"]
[EndTime "11:11:04 PST"]
[Termination "tigra won on time"]

1. d4 Nf6 2. Nf3 d5 3. c4 e6 4. Nc3 dxc4 5. e3 a6 6. Bxc4 b5 7. Bd3 Bb7 8. a4 b4 9. Ne2 Nbd7 10. b3 c5 11. Bb2 Be7 12. Ng3 O-O 13. O-O a5 14.
Rc1 Rc8 15. Qe2 Qb6 16. Ne5 Rfd8 17. f3 cxd4 18. Bxd4 Bc5 19. Nc4 Qa7 20. Bb2 Nd5 21. Kf2 N7b6 22. Rfe1 Nxc4 23. Rxc4 Bxe3+ 24. Kf1 Bh6 25. Bd4 Qb8 26. Qe5 Qxe5 27. Rxe5 Rxc4 28. Bxc4 Bf4 29. Re4 Bh6 30. Re5 g6 31. Re1 Bg7 32. Bc5 Rc8 33. Bf2 Nc3 34. Bb6 Nxa4 35. Bxa5 Nb2 36.
Be2 Bc3 37. Rb1 Bd5 38. Ne4 Bxb3 39. Nxc3 bxc3 40. Bxc3 Rxc3 41. Rxb2 h5 42. h4 Bd5 43. Kf2 Kg7 44. Rd2 Ra3 45. Rd4 Ra2 46. Ke3 Kf6 47.
Rf4+ Ke7 48. Rd4 Ra3+ 49. Kf2 Ra5 50. Rb4 e5 51. Bd3 Be6 52. Rb7+ Kf6 53. Rb2 Ra4 54. Be4 Rd4 55. Rb6 Rd2+ 56. Kg3 Ke7 57. Rb7+ Kf6 58. Rb6 Rd4 59. Bb1 Kg7 60. Rb5 f6 61.
Rb7+ Rd7 62. Rb6 Bf7 63. Be4 Re7 64. Bc2 f5 65. Rb5 Kf6 66. Rb6+ Re6 67. Rb7 Rc6 68. Ba4 Rd6 69. Bb3 Be8 70. Rb8 f4+ 71. Kh2 Bd7 72.
Rf8+ Ke7 73. Rf7+ Ke8 74. Rg7 Bf5 75. Rb7 Rd2 76. Rb5 Re2 77. Bc4 Re3 78. Rb7 Kd8 79.
Bd5 Ke8 80. Bf7+ Kf8 81. Bd5 Re2 82. Rf7+ Ke8 83. Rb7 Rd2 84. Bc6+ Kf8 85. Rb5 Re2 86. Rb7 Bd3 87. Bd5 Rd2 88. Kg1 Rd1+ 89. Kh2 Bf1 90. Be4 Rd2 91. Kg1 Bxg2 92. Rb6 Bh3 93. Rxg6 Rd1+ 94.
Kh2 Bf1 95. Rg5 Bd3 96. Rxe5 Rd2+ 97. Kg1 Rd1+ 98. Kf2 Ba6 99. Rf5+ Ke7 100. Rxf4 Rd2+ 101. Kg3 Bc8 102. Bg6 Rd5 103. Rf7+ Kd8 104. Rf8+ Kc7 105. Kf4 Ra5 106. Be4 Be6 107. Rf6 Kd7 108. Rh6 Ke7 109. Bg6 Ra4+ 110. Kg5 Ra5+ 111. Kf4 Ra4+ 112. Kg3 Ra1 113. Bxh5 Rg1+ 114. Kf4 Rh1 115. Rh7+ Kf6 116. Be8 Re1 117. h5 Bg8 118. Rh6+ Kg7 119. Rg6+ Kh8 120. Bd7 Re7 121. Bf5 Bf7 122. Rd6 Kg8 123. h6 Re8 124. Kg5 Rf8 125. Rd7 Ba2 126. f4 Kh8 127. Bg6 1-0

[Event "*** Titled Tuesday Blitz"]
[Site "Chess.com"]
[Date "2021.03.02"]
[Round "7"]
[White "Anaiy"]
[Black "fridaywins"]
[Result "0-1"]
[WhiteElo "2219"]
[BlackElo "2138"]
[TimeControl "180+1"]
[EndTime "11:13:09 PST"]
[Termination "fridaywins won by resignation"]

1. d4 Nf6 2. c4 g6 3. Nc3 Bg7 4. e4 O-O 5. f3 d6 6. Be3 e5 7. d5 Nh5 8. Bd3 f5 9. Nge2 f4 10. Bf2 g5 11. Qc2 g4 12. fxg4 Bxg4 13.
O-O-O c5 14. h3 Bd7 15. Ng1 Ng3 16. Nce2 Nxh1 17. Nf3 Nxf2 0-1

[Event "*** Titled Tuesday Blitz"]
[Site "Chess.com"]
[Date "2021.03.02"]
[Round "7"]
[White "Sven_Tica"]
[Black "Firouzja2003"]
[Result "0-1"]
[WhiteElo "2677"]
[BlackElo "3129"]
[TimeControl "180+1"]
[EndTime "11:13:35 PST"]
[Termination "Firouzja2003 won by resignation"]

1. d4 Nf6 2. Nf3 g6 3. Nbd2 d6 4. e4 Bg7 5. Bb5+ c6 6. Bd3 O-O 7.
O-O Qc7 8. h3 e5 9. dxe5 dxe5 10. Nc4 Nbd7 11. a4 Re8 12. Be3 Nh5 13. c3 Nf8 14. Bc5 Rd8 15. Qc2 Ne6 16. Be3 Nef4 17. Rad1 Be6 18. Be2 b6 19. Rxd8+ Rxd8 20. Rd1 Nxe2+ 21.
Qxe2 Rxd1+ 0-1

[Event "*** Titled Tuesday Blitz"]
[Site "Chess.com"]
[Date "2021.03.02"]
[Round "7"]
[White "Nikolaj_6"]
[Black "Nayemhaque22"]
[Result "1-0"]
[WhiteElo "2674"]
[BlackElo "2303"]
[TimeControl "180+1"]
[EndTime "11:14:34 PST"]
[Termination "Nikolaj_6 won by resignation"]

1. e4 c6 2. d4 d5 3. e5 Bf5 4. h4 h5 5. c4 e6 6. Nc3 Bb4 7. Ne2 Ne7 8. a3 Ba5 9. b4 Bc7 10. c5 a5 11. Bg5 Nd7 12. Ng3 Bg6 13. b5 f6 14. exf6 gxf6 15. Be3 b6 16. cxb6 Bxb6 17.
bxc6 Nxc6 18. Bb5 Rc8 19. O-O Ne7 20. Na4 Bc7 21. Nc5 O-O 22. Bxd7 Bxg3 23. Bxe6+ Kg7 1-0

[Event "*** Titled Tuesday Blitz"]
[Site "Chess.com"]
[Date "2021.03.02"]
[Round "7"]
[White "szachuspl"]
[Black "Ginger_GM"]
[Result "0-1"]
[WhiteElo "2475"]
[BlackElo "2630"]
[TimeControl "180+1"]
[EndTime "11:15:04 PST"]
[Termination "Ginger_GM won by resignation"]

1. d4 e6 2. c4 f5 3. Nf3 Nf6 4. g3 Be7 5. Bg2 O-O 6. O-O d6 7. Nc3 a5 8. b3 Ne4 9. Bb2 Nxc3 10. Bxc3 Qe8 11. Re1 c6 12. a4 g5 13. h3 Qg6 14. Qd2 Bd8 15. Rad1 Nd7 16. d5 cxd5 17. cxd5 e5 18. e4 f4 19. g4 h5 20. Nh2 Nc5 21.
Qb2 hxg4 22. hxg4 f3 23. Bxf3 Rxf3 24. Nxf3 Bxg4 25. Re3 Qh5 26. Qe2 Nxe4 27. Rxe4 Bxf3 0-1

[Event "*** Titled Tuesday Blitz"]
[Site "Chess.com"]
[Date "2021.03.02"]
[Round "7"]
[White "turayev_shahruh17"]
[Black "Darius321"]
[Result "1-0"]
[WhiteElo "2470"]
[BlackElo "2293"]
[TimeControl "180+1"]
[EndTime "11:15:05 PST"]
[Termination "turayev_shahruh17 won by resignation"]

1. e4 c5 2. Nc3 e6 3. g3 Nc6 4.
Bg2 g6 5. d3 Bg7 6. f4 Nge7 7.
Nh3 Nd4 8. O-O O-O 9. g4 f5 10. gxf5 gxf5 11. Qh5 Qe8 12. Qh4 Nxc2 13. Rb1 Nd4 14. Be3 Rb8 15. Kh1 b5 16. Bxd4 cxd4 17. Ne2 fxe4 18. Bxe4 Bb7 19. Qxh7+ Kf7 20. Ng5+ Kf6 21.
Bxb7 Rxb7 22. Ne4+ Kf7 23. Nd6+ Kf6 24. Qh4+ 1-0

[Event "*** Titled Tuesday Blitz"]
[Site "Chess.com"]
[Date "2021.03.02"]
[Round "7"]
[White "StockholmMissile"]
[Black "McCarthyStone"]
[Result "1-0"]
[WhiteElo "2593"]
[BlackElo "2448"]
[TimeControl "180+1"]
[EndTime "11:15:12 PST"]
[Termination "StockholmMissile won by resignation"]

1. d4 d5 2. c4 Nc6 3. cxd5 Qxd5 4. e3 e5 5. Nc3 Bb4 6. a3 Bxc3+ 7.
bxc3 Nf6 8. c4 Qd8 9. d5 Ne7 10. Nf3 Ng6 11. Bb2 e4 12. Nd2 O-O 13. Bxf6 Qxf6 14. Nxe4 Qb2 15. Qc1 Qe5 16. Nd2 Nh4 17. Nf3 Nxf3+ 18. gxf3 b6 19. Ra2 Bd7 20. Qb2 Qf5 21.
Rg1 g6 22. Rg3 Rfe8 23. Bh3 Qd3 24. Bxd7 Re7 25. Bc6 Rd8 26. Qc2 Rxe3+ 27. fxe3 Qxe3+ 28. Kf1 Qg1+ 1-0

[Event "*** Titled Tuesday Blitz"]
[Site "Chess.com"]
[Date "2021.03.02"]
[Round "7"]
[White "BahadirOzen"]
[Black "Skat2704"]
[Result "1/2-1/2"]
[WhiteElo "2784"]
[BlackElo "2581"]
[TimeControl "180+1"]
[EndTime "11:15:15 PST"]
[Termination "Game drawn by agreement"]

1. g3 d5 2. Bg2 c5 3. d3 Nc6 4. Nf3 e5 5. O-O f5 6. c4 d4 7.
e3 Nf6 8. exd4 exd4 9. Re1+ Be7 10. Bf4 O-O 11. Ne5 Nxe5 12. Bxe5 Bd6 13. Nd2 Bxe5 14. Rxe5 Qc7 15. Qe2 Rb8 16. Re1 Bd7 17. Qf3 b6 18.
Re7 Qd6 19. R7e2 1/2-1/2

[Event "*** Titled Tuesday Blitz"]
[Site "Chess.com"]
[Date "2021.03.02"]
[Round "7"]
[White "Karla"]
[Black "Legendinunknown"]
[Result "0-1"]
[WhiteElo "2329"]
[BlackElo "2618"]
[TimeControl "180+1"]
[EndTime "11:15:20 PST"]
[Termination "Legendinunknown won by resignation"]

1. e4 e5 2. d4 exd4 3. c3 dxc3 4. Bc4 cxb2 5. Bxb2 d5 6. Bxd5 Nf6 7. Bxf7+ Kxf7 8.
Qxd8 Bb4+ 9. Qd2 Bxd2+ 10. Nxd2 Nc6 11. a3 Be6 12. f3 Rad8 13. Rd1 Nd4 14. Bxd4 Rxd4 15.
Ne2 Rd7 16. Rc1 Rhd8 17. Nf1 b6 18. Nfg3 c5 19. Nf4 c4 20. Nxe6 Kxe6 21. Rxc4 Rd1+ 22. Kf2 R8d2+ 23. Ke3 Rd3+ 24. Kf4 Rxh1 25. Nxh1 Rxa3 26. Ng3 g6 27. Rc7 a5 28. Rc5 bxc5 0-1

[Event "*** Titled Tuesday Blitz"]
[Site "Chess.com"]
[Date "2021.03.02"]
[Round "7"]
[White "ChainsOfFantasia"]
[Black "manipun1"]
[Result "1-0"]
[WhiteElo "2452"]
[BlackElo "2239"]
[TimeControl "180+1"]
[EndTime "11:15:22 PST"]
[Termination "ChainsOfFantasia won by resignation"]

1. d4 d6 2. Nf3 g6 3. c4 Bg7 4. Nc3 Nf6 5. e4 O-O 6. Be2 e5 7. O-O Nc6 8. d5 Ne7 9. Ne1 Nd7 10. Nd3 f5 11. f3 h5 12. Be3 f4 13. Bf2 g5 14.
Rc1 Rf7 15. c5 Bf8 16. cxd6 cxd6 17. Kh1 Ng6 18. Rg1 Nf6 19. g3 a6 20. gxf4 Nxf4 21.
Nxf4 exf4 22. Rxg5+ Rg7 23. Bh4 Be7 24. Rxg7+ Kxg7 25. Qd2 Nxe4 26. Bxe7 Qxe7 27. Nxe4 Qe5 28. Rc7+ Kh6 29.
Qc3 Qxc3 30. bxc3 1-0

[Event "*** Titled Tuesday Blitz"]
[Site "Chess.com"]
[Date "2021.03.02"]
[Round "7"]
[White "ChessWarrior7197"]
[Black "pastouche06"]
[Result "1-0"]
[WhiteElo "2898"]
[BlackElo "2545"]
[TimeControl "180+1"]
[EndTime "11:15:27 PST"]
[Termination "ChessWarrior7197 won by resignation"]

1. e4 c6 2. d4 d5 3. exd5 cxd5 4. Bd3 Nc6 5. c3 Nf6 6. Bf4 Bg4 7. Qb3 Qc8 8. Nd2 e6 9. Ngf3 Be7 10. O-O Bh5 11.
Rae1 Bg6 12. Bxg6 hxg6 13. h4 Qd7 14. g3 Bd6 15. Bxd6 Qxd6 16. Qxb7 Rb8 17. Qa6 Rxb2 18. Rb1 Rxb1 19. Rxb1 Ke7 20. Rb7+ Nd7 21. c4 Nd8 22.
Qxd6+ Kxd6 23. c5+ Kc6 24. Rxa7 f6 25. Nb3 Nb7 26.
Ra6+ 1-0

[Event "*** Titled Tuesday Blitz"]
[Site "Chess.com"]
[Date "2021.03.02"]
[Round "7"]
[White "whogeeyao"]
[Black "PavelShkapenko"]
[Result "0-1"]
[WhiteElo "2379"]
[BlackElo "2672"]
[TimeControl "180+1"]
[EndTime "11:15:31 PST"]
[Termination "PavelShkapenko won by resignation"]

1. e4 e5 2. Nf3 Nc6 3. Bb5 Bc5 4. O-O f5 5. exf5 e4 6. Qe2 Qe7 7. Ne1 Nd4 8. Qh5+ Kf8 9. Ba4 Nf6 10. Qd1 d5 11. d3 Bxf5 12. dxe4 dxe4 13. Nc3 Rd8 14.
Bd2 Bg4 15. Qb1 Be2 16. h3 Bxf1 17. Kxf1 Qe5 18. Kg1 Nf3+ 19. Nxf3 exf3 20. Qe1 Qg3 0-1

[Event "*** Titled Tuesday Blitz"]
[Site "Chess.com"]
[Date "2021.03.02"]
[Round "7"]
[White "ShimanovAlex"]
[Black "Kretov_Evgenij"]
[Result "1-0"]
[WhiteElo "2807"]
[BlackElo "2607"]
[TimeControl "180+1"]
[EndTime "11:15:42 PST"]
[Termination "ShimanovAlex won by resignation"]

1. Nf3 c5 2. b3 Nf6 3. Bb2 e6 4. g3 b6 5. Bg2 Bb7 6. O-O Be7 7. c4 O-O 8. Nc3 d6 9. e3 a6 10. d4 cxd4 11. Nxd4 Qc7 12. Rc1 Nbd7 13. f4 Bxg2 14. Kxg2 Nc5 15. Rc2 Nce4 16. Nxe4 Nxe4 17. Qf3 Qb7 18.
f5 e5 19. Ne2 Rfb8 20. Rd1 b5 21. Nc3 Nxc3 22. Qxb7 Rxb7 23. Rxc3 Kf8 24. Kf3 Ke8 25. Ke4 Kd7 26. c5 Rc7 27. cxd6 Bxd6 28. Rcd3 Rc6 29. Ba3 1-0

[Event "*** Titled Tuesday Blitz"]
[Site "Chess.com"]
[Date "2021.03.02"]
[Round "7"]
[White "PawnEatingZombie"]
[Black "CM_rui"]
[Result "1-0"]
[WhiteElo "2212"]
[BlackElo "2339"]
[TimeControl "180+1"]
[EndTime "11:15:42 PST"]
[Termination "PawnEatingZombie won by checkmate"]

1. d4 Nf6 2. c4 e6 3. Nc3 Bb4 4. Qc2 O-O 5. e4 d6 6. Bd3 e5 7. a3 Bxc3+ 8. bxc3 Nc6 9. Ne2 b6 10. O-O Ba6 11. f4 Na5 12. Ng3 Bxc4 13. fxe5 Bxd3 14. Qxd3 dxe5 15. Bg5 Kh8 16. Nh5 h6 17. Bxf6 gxf6 18. Rxf6 Kh7 19. Qe3 Rh8 20. Qxh6+ Kg8 21. Qg7# 1-0